[Event "ICCopen2017"]
[Site "Internet Chess Club"]
[Date "2017.03.19"]
[Round "7"]
[White "nurmi"]
[Black "fueguino"]
[Result "1-0"]
[ICCResult "Black resigns"]
[WhiteElo "2245"]
[BlackElo "1886"]
[Opening "Caro-Kann: anti-Caro-Kann defense"]
[ECO "A11"]
[NIC "EO.64"]
[Time "20:25:27"]
[TimeControl "180+0"]

1. c4 c6 2. e4 e5 3. Nf3 d6 4. d4 Nf6 5. Nc3 Nbd7 6. Be2 Be7 7. h3 O-O 8.
Be3 Qc7 9. O-O Re8 10. Rc1 Bf8 11. Qc2 exd4 12. Bxd4 a6 13. Rfe1 Ne5 14. b4
Be6 15. c5 Ned7 16. Na4 dxc5 17. bxc5 Rad8 18. Bf1 Nh5 19. Ng5 Qf4 20. Nxe6
Rxe6 21. Rcd1 Qg5 22. Be3 Nf4 23. Kh1 Ne5 24. Rxd8 Qxd8 25. Bxf4 Ng6 26. Be3
Qf6 27. Rd1 h6 28. Nb6 Qh4 29. f3 Kh7 30. Nc4 f5 31. exf5 Rxe3 32. fxg6+ Kh8
33. Nxe3 Qb4 34. Nf5 Bxc5 35. Qxc5 {Black resigns} 1-0

[Event "ICCopen2017"]
[Site "Internet Chess Club"]
[Date "2017.03.19"]
[Round "7"]
[White "Shafkat"]
[Black "hecan58"]
[Result "0-1"]
[ICCResult "White checkmated"]
[WhiteElo "1530"]
[BlackElo "1404"]
[Opening "Scandinavian defense"]
[ECO "B01"]
[NIC "SD.03"]
[Time "20:25:14"]
[TimeControl "180+0"]

1. e4 d5 2. exd5 Nf6 3. d4 Bg4 4. f3 Bf5 5. c4 e6 6. dxe6 Nc6 7. exf7+ Kxf7
8. Be3 Bb4+ 9. Nc3 Re8 10. Qd2 Qxd4 11. Qxd4 Nxd4 12. O-O-O Rxe3 13. Rxd4
Bxc3 14. bxc3 Rxc3+ 15. Kb2 Rc2+ 16. Kb3 Re8 17. Bd3 Bxd3 18. Rxd3 Rc1 19.
Kb2 Ree1 20. h4 Rxg1 21. Rxg1 Rxg1 22. g4 Rg2+ 23. Kb3 Rh2 24. g5 Ne8 25.
Rd7+ Ke6 26. Rd8 Ke7 27. Rd4 Nd6 28. c5 Nf5 29. Re4+ Kd7 30. a4 Rxh4 31.
Rxh4 Nxh4 32. f4 Ke6 33. Kc4 Ng2 34. Kd4 Nxf4 35. Ke4 Nh3 36. a5 Nxg5+ 37.
Kf4 Kd5 38. Kxg5 Kxc5 39. Kf5 Kb5 40. Ke6 Kxa5 41. Kf7 h5 42. Kxg7 h4 43.
Kf6 h3 44. Ke7 h2 45. Kd7 h1=Q 46. Kxc7 Qc6+ 47. Kd8 Kb5 48. Ke7 Kc5 49. Kf7
Kd5 50. Ke7 Ke5 51. Kf7 Qf6+ 52. Ke8 Qg7 53. Kd8 Kd6 54. Kc8 Qc7#
{White checkmated}
0-1

[Event "ICCopen2017"]
[Site "Internet Chess Club"]
[Date "2017.03.19"]
[Round "7"]
[White "METALCHESS"]
[Black "ComeonJimtal"]
[Result "1-0"]
[ICCResult "Black resigns"]
[WhiteElo "1976"]
[BlackElo "1727"]
[Opening "English: Neo-Catalan"]
[ECO "A13"]
[NIC "RE.11"]
[Time "20:26:48"]
[TimeControl "180+0"]

1. Nf3 Nf6 2. c4 e6 3. g3 d5 4. Bg2 c6 5. O-O Nbd7 6. d4 h6 7. b3 Bd6 8. Nc3
O-O 9. Qc2 Re8 10. e4 dxe4 11. Nxe4 Nxe4 12. Qxe4 Nf6 13. Qc2 a6 14. Bb2 b6
15. Rad1 Bb7 16. Ne5 Rc8 17. f4 Qe7 18. Rde1 c5 19. dxc5 Bxc5+ 20. Kh1 Bxg2+
21. Qxg2 Qc7 22. h3 Red8 23. Kh2 Bd4 24. Bxd4 Rxd4 25. Re2 Rcd8 26. Ng4
Nxg4+ 27. hxg4 Qd7 28. Rfe1 Rd3 29. Qe4 e5 30. fxe5 Rd4 31. Qf5 Rxg4 32. e6
Qd4 33. exf7+ Kh8 34. Re8+ {Black resigns} 1-0

[Event "ICCopen2017"]
[Site "Internet Chess Club"]
[Date "2017.03.19"]
[Round "7"]
[White "GYMEJR"]
[Black "Guinicapo"]
[Result "1-0"]
[ICCResult "Black checkmated"]
[WhiteElo "1601"]
[BlackElo "1941"]
[Opening "Queen's pawn: London system"]
[ECO "A45"]
[NIC "QP.07"]
[Time "20:26:15"]
[TimeControl "180+0"]

1. d4 Nf6 2. Bf4 d6 3. e3 g6 4. c3 Bg7 5. h3 O-O 6. Bd3 c5 7. Nf3 b6 8. Nbd2
Bb7 9. Qc2 Nbd7 10. O-O-O Rc8 11. Kb1 cxd4 12. exd4 Qc7 13. h4 e5 14. dxe5
dxe5 15. Bg5 Ng4 16. Ne4 f5 17. Nd6 Qxd6 18. Bc4+ Bd5 19. Rxd5 Qb8 20. Bb3
Nc5 21. Rxc5+ Kh8 22. Rxc8 Qxc8 23. h5 e4 24. hxg6 h6 25. Nd4 Bxd4 26. Bxh6
Nxh6 27. Rxh6+ Kg7 28. Qd2 Bf6 29. Rh7+ Kxg6 30. Qh6# {Black checkmated} 1-0

[Event "ICCopen2017"]
[Site "Internet Chess Club"]
[Date "2017.03.19"]
[Round "7"]
[White "TrendFriend"]
[Black "MrWizard"]
[Result "1-0"]
[ICCResult "Black resigns"]
[WhiteElo "2452"]
[BlackElo "2024"]
[Opening "Caro-Kann: Panov-Botvinnik attack"]
[ECO "B13"]
[NIC "CK.03"]
[Time "20:26:24"]
[TimeControl "180+0"]

1. e4 c6 2. d4 d5 3. exd5 cxd5 4. c4 Nf6 5. Nc3 Nc6 6. Nf3 e6 7. a3 Be7 8.
c5 O-O 9. Bd3 a6 10. O-O b6 11. b4 bxc5 12. bxc5 a5 13. Bb5 Qc7 14. Qe2 Ne4
15. Nxe4 dxe4 16. Qxe4 Bb7 17. Qg4 Bf6 18. Be3 Ne7 19. Bf4 Qc8 20. Be5 Nd5
21. h3 Ba6 22. a4 Bb7 23. Rfe1 Bc6 24. Rab1 Nc3 25. Bxf6 g6 26. Qg5
{Black resigns}
1-0

[Event "ICCopen2017"]
[Site "Internet Chess Club"]
[Date "2017.03.19"]
[Round "7"]
[White "gijoe2009"]
[Black "rotyi59"]
[Result "1-0"]
[ICCResult "Black resigns"]
[WhiteElo "1833"]
[BlackElo "1510"]
[Opening "QGD: Chigorin defense"]
[ECO "D07"]
[NIC "QP.08"]
[Time "20:26:07"]
[TimeControl "180+0"]

1. d4 d5 2. c4 Nc6 3. Nf3 Bg4 4. cxd5 Bxf3 5. dxc6 Bxc6 6. Nc3 Nf6 7. f3 e6
8. e4 Bb4 9. Be3 O-O 10. Qd2 Qe7 11. O-O-O Rad8 12. Qf2 Bxc3 13. bxc3 Qa3+
14. Qb2 Qxb2+ 15. Kxb2 a6 16. g4 Bb5 17. c4 Ba4 18. Rd2 b5 19. c5 c6 20. h4
Ne8 21. h5 Nc7 22. Bf4 Rd7 23. h6 g6 24. Bd6 Rfd8 25. Be5 Ne8 26. g5 f6 27.
gxf6 Kf7 28. Bh3 Nxf6 29. Kc3 Ne8 30. f4 Ke7 31. f5 exf5 32. exf5 gxf5 33.
Bxf5 Rb7 34. Bxh7 Nf6 35. Bxf6+ Kxf6 36. Be4 Kg5 37. Rf2 Re7 38. Rg1+
{Black resigns}
1-0

[Event "ICCopen2017"]
[Site "Internet Chess Club"]
[Date "2017.03.19"]
[Round "7"]
[White "Ceejay24"]
[Black "MATEPROOF"]
[Result "1-0"]
[ICCResult "Black resigns"]
[WhiteElo "2238"]
[BlackElo "1928"]
[Opening "Benkö gambit: main line"]
[ECO "A59"]
[NIC "BI.45"]
[Time "20:25:54"]
[TimeControl "180+0"]

1. d4 Nf6 2. c4 c5 3. d5 b5 4. cxb5 a6 5. bxa6 Bxa6 6. Nc3 d6 7. e4 Bxf1 8.
Kxf1 g6 9. g3 Bg7 10. Kg2 O-O 11. Nf3 Nbd7 12. a4 Qb6 13. Ra3 Rfb8 14. Qc2
Ne8 15. h4 h5 16. Rd1 Ne5 17. Nxe5 Bxe5 18. f4 Bg7 19. f5 Be5 20. fxg6 fxg6
21. Bf4 Bxf4 22. gxf4 Qxb2 23. Qxb2 Rxb2+ 24. Kf3 Nf6 25. Rb1 Rxb1 26. Nxb1
Kf7 27. a5 Ke8 28. Nc3 Kd7 29. e5 Ng4 30. e6+ Kc8 31. f5 gxf5 32. Kf4 Rb8
33. a6 Ra8 34. Kxf5 Ne3+ 35. Kg6 Nc4 36. Ra2 Kc7 37. Kxh5 Kb6 38. Kg6 Rxa6
39. Rxa6+ Kxa6 40. h5 Ne5+ 41. Kg7 Ng4 42. h6 Nxh6 43. Kxh6 Ka5 44. Kg7 Kb4
45. Kf7 Kxc3 46. Kxe7 Kd4 47. Kxd6 c4 48. e7 c3 49. e8=Q c2 50. Qc8 Kd3 51.
Qxc2+ Kxc2 52. Kc6 {Black resigns} 1-0

[Event "ICCopen2017"]
[Site "Internet Chess Club"]
[Date "2017.03.19"]
[Round "7"]
[White "Heian"]
[Black "kaimann"]
[Result "0-1"]
[ICCResult "White resigns"]
[WhiteElo "1482"]
[BlackElo "1884"]
[Opening "Alekhine's defense: Krejcik variation"]
[ECO "B02"]
[NIC "AL.10"]
[Time "20:26:07"]
[TimeControl "180+0"]

1. e4 Nf6 2. Bc4 d5 3. exd5 Nxd5 4. Qf3 c6 5. Nc3 e6 6. Nge2 Nd7 7. Nf4 Ne5
8. Qe4 Nxc4 9. Qxc4 Be7 10. Nfxd5 cxd5 11. Qb5+ Qd7 12. Qxd7+ Bxd7 13. d4
O-O 14. Ne2 Rfc8 15. c3 b5 16. Bd2 a5 17. O-O b4 18. Rac1 Bb5 19. Rfe1 Bxe2
20. Rxe2 bxc3 21. Rxc3 Rxc3 22. Bxc3 a4 23. a3 Rc8 24. f3 Bxa3 25. Kf2 Bd6
26. h3 a3 27. Re1 a2 28. Ra1 Ra8 29. Ke3 g6 30. Kd3 Kg7 31. Kc2 Kf6 32. Kb3
Kf5 33. Be1 e5 34. dxe5 Kxe5 35. Rxa2 Rxa2 36. Kxa2 Kd4 37. Kb3 Kd3 38. Bf2
Be5 39. Ka2 Ke2 40. Bc5 d4 41. b4 d3 42. b5 d2 43. b6 d1=Q 44. b7
{White resigns}
0-1

[Event "ICCopen2017"]
[Site "Internet Chess Club"]
[Date "2017.03.19"]
[Round "7"]
[White "wmanthony"]
[Black "chesscomet"]
[Result "0-1"]
[ICCResult "White forfeits on time"]
[WhiteElo "1274"]
[BlackElo "1509"]
[Opening "Pirc: Ufimtsev-Pytel variation"]
[ECO "B07"]
[NIC "PU.08"]
[Time "20:25:29"]
[TimeControl "180+0"]

1. e4 d6 2. d4 Nf6 3. Nc3 c6 4. f4 Qa5 5. Nf3 Nxe4 6. Qd3 Nxc3 7. bxc3 Qc7
8. Bd2 Nd7 9. Be2 Nf6 10. O-O g6 11. g3 Bf5 12. Qe3 Bxc2 13. Bd3 Bxd3 14.
Qxd3 Bg7 15. Rfe1 O-O 16. Re2 Rfe8 17. Rae1 e6 18. Ng5 c5 19. dxc5 Qxc5+ 20.
Be3 Qc7 21. Bd4 Rac8 22. Qe3 a6 23. a4 Nd5 24. Qf2 Nxc3 25. Bxc3 Qxc3 26.
Re3 Qc5 27. Ne4 Qb4 28. Rd1 d5 29. Ng5 Bd4 30. Rde1 Bxe3 31. Rxe3 Rc1+ 32.
Re1 Rxe1+ 33. Qxe1 Qxe1+ 34. Kg2 Qe2+ 35. Kh3 h6 36. Nxf7 Kxf7 37. f5 exf5
{White forfeits on time}
0-1

[Event "ICCopen2017"]
[Site "Internet Chess Club"]
[Date "2017.03.19"]
[Round "7"]
[White "YHWH"]
[Black "Oracle"]
[Result "0-1"]
[ICCResult "White forfeits on time"]
[WhiteElo "1418"]
[BlackElo "1384"]
[Opening "QGD: Grau (Sahovic) defense"]
[ECO "D06"]
[NIC "QP.08"]
[Time "20:25:11"]
[TimeControl "180+0"]

1. d4 d5 2. c4 Bf5 3. Nc3 dxc4 4. e4 Bg6 5. Bxc4 e6 6. Nf3 Nf6 7. Bg5 Be7 8.
O-O Nxe4 9. Bxe7 Qxe7 10. Nxe4 Bxe4 11. Nd2 Bg6 12. Re1 O-O 13. d5 e5 14.
Nf3 Nd7 15. Qb3 b6 16. Rad1 Kh8 17. Qe3 f6 18. Nd2 Nc5 19. b4 Nd7 20. Ne4
Bxe4 21. Qxe4 Qxb4 22. Qe2 Nc5 23. Rb1 Qa5 24. Rec1 Rae8 25. f3 Rd8 26. Rd1
h6 27. h3 Qa3 28. Kh1 Nb7 29. Bb5 Qd6 30. Bc6 Nc5 31. a4 a5 32. Bb5 Nb7 33.
Rbc1 Nc5 34. Qe3 Qe7 35. f4 Rd6 36. fxe5 fxe5 37. Re1 Rf5 38. Bc4 Qf6 39.
Bd3 Rf4 40. Bc2 Rxd5 41. Bb1 Nxa4 42. Ba2 Rc5 43. Rcd1 Nc3 44. Rd8+ Kh7 45.
Rd2 Nb5 46. Bb1+ Kg8 47. Rd7 Nd4 48. Rd1 Qe6 49. Rd8+ Kf7 50. Qd3 Qe7 51.
Rh8 Rf6 52. Qh7 Ke6 53. Qg8+ Kd6 54. Rh7 Rf7 55. Ba2 Qf6 56. Bxf7 Kc6 57.
Rxg7 Rc2 58. Bg6 Re2 59. Rc1+ Kb5 60. Qe8+ Kb4 61. Qe7+ Qd6 62. Qxd6+ cxd6
63. Bd3 Rd2 64. Rb1+ Kc3 65. Be4 Ne2 66. Rc7+ Kd4 67. Re1 Ng3+ 68. Kh2 Nxe4
69. Re7 Ng5 70. Rc1 Rf2 71. h4 Ne4 72. Rd7 Kd5 73. Rd1+ Ke6 74. Rb7 Rb2 75.
Rxb6 Rxb6 76. Re1 d5 77. Rc1 Rd6 {White forfeits on time} 0-1

[Event "ICCopen2017"]
[Site "Internet Chess Club"]
[Date "2017.03.19"]
[Round "7"]
[White "CeffylGlas"]
[Black "croder"]
[Result "0-1"]
[ICCResult "White forfeits on time"]
[WhiteElo "1264"]
[BlackElo "1577"]
[Opening "Old Indian defense"]
[ECO "A42"]
[NIC "OI.07"]
[Time "20:25:39"]
[TimeControl "180+0"]

1. c4 d6 2. d4 e6 3. Nc3 Nf6 4. e4 Be7 5. g3 O-O 6. Bg2 Re8 7. Nge2 Nfd7 8.
O-O Nf8 9. f4 Nbd7 10. h3 a6 11. Be3 Rb8 12. Qc2 b6 13. Rac1 Bb7 14. d5 e5
15. f5 Nf6 16. g4 h6 17. Ng3 c6 18. Qd2 c5 19. Nce2 Bc8 20. Kh2 Bd7 21. Ng1
b5 22. b3 bxc4 23. bxc4 a5 24. Rb1 Qc7 25. Nf3 Rb4 26. a3 Rxc4 27. Qd3 Ra4
28. Rbc1 Rc8 29. Rc4 Rxc4 30. Qxc4 Qb6 31. Qc3 a4 32. Bd2 Qb3 33. g5 hxg5
34. Nxg5 Qxc3 35. Bxc3 Rb8 36. Bf3 Rb3 37. Bd2 Rxa3 38. Bc1 Rc3 39. Bd2 Rd3
40. Rf2 a3 41. Bd1 c4 42. Bc2 Bb5 43. Bxd3 cxd3 44. Bc3 Bc4 45. Rf1 a2 46.
Ra1 N8d7 47. Nf1 Nc5 48. Nd2 Nb3 49. Nxc4 Nxa1 50. Bxa1 Nh5 51. h4 Nf4 52.
Nd2 f6 53. Ngf3 Kf7 54. Kg3 Ne2+ 55. Kf2 Nc1 56. Ke3 Bd8 57. Ne1 Bb6+ 58.
Kf3 Ba5 {White forfeits on time} 0-1

[Event "ICCopen2017"]
[Site "Internet Chess Club"]
[Date "2017.03.19"]
[Round "7"]
[White "Pachec"]
[Black "zoujun1966"]
[Result "0-1"]
[ICCResult "White checkmated"]
[WhiteElo "1390"]
[BlackElo "1553"]
[Opening "Sicilian"]
[ECO "B50"]
[NIC "SI.01"]
[Time "20:26:03"]
[TimeControl "180+0"]

1. e4 c5 2. Nf3 d6 3. Bc4 Nf6 4. d3 e6 5. O-O Be7 6. a4 O-O 7. Re1 Nbd7 8.
Bb3 b6 9. Nc3 Bb7 10. Bf4 a6 11. h3 d5 12. exd5 exd5 13. Qc1 d4 14. Ne4 Nxe4
15. dxe4 b5 16. axb5 axb5 17. Rxa8 Qxa8 18. Nd2 c4 19. Nxc4 bxc4 20. Bxc4
Nf6 21. f3 Rc8 22. Bb3 d3 23. c3 Bc5+ 24. Kh1 Rd8 25. Qd2 Nh5 26. Be3 Ng3+
27. Kg1 Qa7 28. Kf2 Nh5 29. g4 Nf4 30. Kg3 Ne2+ 31. Kf2 Nf4 32. h4 h5 33. g5
Qb6 34. Bc4 Nh3+ 35. Kg3 Bxe3 36. Rxe3 Qc7+ 37. Kxh3 Qxc4 38. Kg3 Bc8 39. f4
Bb7 40. e5 Qd5 41. b3 Qh1 42. Rxd3 Qg1+ 43. Kh3 Bc8+ 44. f5 Bxf5#
{White checkmated}
0-1

[Event "ICCopen2017"]
[Site "Internet Chess Club"]
[Date "2017.03.19"]
[Round "7"]
[White "blackending"]
[Black "dashingfox"]
[Result "0-1"]
[ICCResult "White resigns"]
[WhiteElo "1586"]
[BlackElo "1840"]
[Opening "Ruy Lopez: closed, Chigorin defense"]
[ECO "C97"]
[NIC "RL.24"]
[Time "20:25:19"]
[TimeControl "180+0"]

1. e4 e5 2. Nf3 Nc6 3. Bb5 a6 4. Ba4 Nf6 5. O-O b5 6. Bb3 Be7 7. Re1 O-O 8.
h3 d6 9. c3 Na5 10. Bc2 c5 11. d4 Qc7 12. Nbd2 Re8 13. b3 Bf8 14. d5 g6 15.
Nf1 Bg7 16. Ng3 c4 17. b4 Nb7 18. a3 a5 19. Bg5 axb4 20. axb4 Bd7 21. Qd2
Reb8 22. Bh6 Bh8 23. h4 Bg4 24. Ng5 Nd8 25. f3 Bd7 26. f4 Ng4 27. fxe5 Nxh6
28. exd6 Qxd6 29. Qe3 Ng4 30. Qf3 h6 31. e5 Qb6+ 32. Kh1 Nf2+ 33. Kh2 Ng4+
34. Kh1 hxg5 35. hxg5 Nf2+ 36. Kh2 Ng4+ 37. Kh1 Rxa1 38. Rxa1 Nf2+ 39. Kh2
Ng4+ 40. Kh1 Bxe5 41. Rf1 Qd6 42. Ne2 Nh2 43. Qf2 Nxf1 44. Qxf1 Qxd5
{White resigns}
0-1

[Event "ICCopen2017"]
[Site "Internet Chess Club"]
[Date "2017.03.19"]
[Round "7"]
[White "jefferyx"]
[Black "Darnoc"]
[Result "0-1"]
[ICCResult "White resigns"]
[WhiteElo "2663"]
[BlackElo "2959"]
[Opening "French: Tarrasch, open variation"]
[ECO "C07"]
[NIC "FR.18"]
[Time "20:25:40"]
[TimeControl "180+0"]

1. e4 e6 2. d4 d5 3. Nd2 c5 4. Ngf3 cxd4 5. exd5 Qxd5 6. Bc4 Qd6 7. O-O Nf6
8. Nb3 Nc6 9. Nbxd4 Nxd4 10. Nxd4 a6 11. Re1 Qc7 12. Qe2 Bd6 13. Bg5 O-O 14.
Bxf6 gxf6 15. Qg4+ Kh8 16. Qh4 Be7 17. Bd3 f5 18. Qh5 Bf6 19. c3 Rg8 20. Re3
Bd7 21. Rae1 Rg5 22. Qh3 Rag8 23. Rg3 Qa5 24. Qh6 Rxg3 25. Qxf6+ R3g7 26.
Bf1 Qd8 27. Qe5 Qb8 28. Qf6 Qd8 29. Qe5 f6 30. Qc5 e5 31. Nf3 Bc6 32. Nh4
Rg4 33. Nxf5 Bxg2 34. Bxg2 Rxg2+ 35. Kh1 Qd7 36. Nd6 Qg7 {White resigns} 0-1

[Event "ICCopen2017"]
[Site "Internet Chess Club"]
[Date "2017.03.19"]
[Round "7"]
[White "BryanL"]
[Black "JUGGERNOT"]
[Result "1-0"]
[ICCResult "Black resigns"]
[WhiteElo "2001"]
[BlackElo "1753"]
[Opening "Scandinavian defense"]
[ECO "B01"]
[NIC "SD.03"]
[Time "20:25:56"]
[TimeControl "180+0"]

1. e4 d5 2. exd5 Nf6 3. Nc3 Nxd5 4. Nf3 Bg4 5. h3 Bh5 6. Be2 e6 7. O-O c6 8.
Ne4 Be7 9. Ng3 Bg6 10. d4 O-O 11. c4 Nf6 12. Be3 Nbd7 13. Qb3 Qb6 14. Qc3
Qc7 15. Rad1 a6 16. Nh4 Rfd8 17. Nxg6 hxg6 18. Bf3 c5 19. d5 exd5 20. cxd5
Bd6 21. Ne4 Nxe4 22. Bxe4 b6 23. b3 Be5 24. Qc2 Qd6 25. f4 Bf6 26. f5 gxf5
27. Bxf5 Be5 28. Qe4 g6 29. Bxd7 Rxd7 30. Rd3 Rad8 31. Rfd1 f5 32. Qf3 Kg7
33. Bg5 Rh8 34. Qf1 Rh5 35. Bd2 Rd8 36. Bc3 Bxc3 37. Rxc3 Re8 38. Qxa6 Re2
39. Qxe2 Qf6 40. Rcd3 f4 41. Qe6 Qg5 42. Qg4 Qe5 43. d6 Rg5 44. Qf3 Rg3 45.
Qxg3 fxg3 46. d7 Qc7 47. d8=Q {Black resigns} 1-0

[Event "ICCopen2017"]
[Site "Internet Chess Club"]
[Date "2017.03.19"]
[Round "7"]
[White "airantrobo"]
[Black "EngHany"]
[Result "1-0"]
[ICCResult "Black forfeits on time"]
[WhiteElo "1601"]
[BlackElo "1815"]
[Opening "English: Caro-Kann defensive system"]
[ECO "A04"]
[NIC "QP.11"]
[Time "20:25:23"]
[TimeControl "180+0"]

1. Nf3 c6 2. b3 Nf6 3. Bb2 d5 4. c4 dxc4 5. bxc4 Bf5 6. g3 e6 7. Nc3 Qb6 8.
Qb3 Ne4 9. Nxe4 Bxe4 10. Bg2 Nd7 11. d3 Bb4+ 12. Kf1 Bg6 13. Bxg7 Rg8 14.
Bd4 c5 15. Be3 Ba5 16. Bh3 Rd8 17. Kg2 Nf6 18. Ne5 Bh5 19. Qa4+ Ke7 20. f3
Qc7 21. Bf4 Qb6 22. Rab1 Qa6 23. Qb3 Rb8 24. a4 Bb4 25. d4 Rgd8 26. dxc5
Bxc5 27. Nd3 Rxd3 28. Qxd3 Rd8 29. Qb3 b5 30. cxb5 Qa5 31. Rhd1 Bg6 32. Rxd8
Qxd8 33. Rd1 Qb6 34. Qd3 {Black forfeits on time} 1-0

[Event "ICCopen2017"]
[Site "Internet Chess Club"]
[Date "2017.03.19"]
[Round "7"]
[White "Brothersinarms"]
[Black "BlueJ"]
[Result "0-1"]
[ICCResult "White checkmated"]
[WhiteElo "1764"]
[BlackElo "2047"]
[Opening "Sicilian: Alapin's variation (2.c3)"]
[ECO "B22"]
[NIC "SI.46"]
[Time "20:26:32"]
[TimeControl "180+0"]

1. e4 c5 2. c3 Nf6 3. e5 Nd5 4. Bc4 e6 5. d4 cxd4 6. cxd4 Nc6 7. Nf3 d6 8.
Qe2 Be7 9. Nc3 Nxc3 10. bxc3 dxe5 11. dxe5 Qa5 12. Bd2 O-O 13. O-O Rd8 14.
Rad1 Bd7 15. Qe4 Qa4 16. Qe2 Na5 17. Bd3 Bc6 18. Nd4 Bd5 19. Qh5 g6 20. Qh6
Bf8 21. Qh4 Bg7 22. Bh6 Bxe5 23. Bg5 Rdc8 24. Bf6 Bxf6 25. Qxf6 Rxc3 26. h4
Nc6 27. Nxc6 Rxc6 28. h5 Qg4 29. f3 Qxh5 30. Rfe1 Rac8 31. Re5 Qh6 32. Kf2
Qg7 33. Qf4 Rc3 34. Re3 Ra3 35. Qb4 Rxa2+ 36. Kg3 Qf6 37. f4 Rxg2+ 38. Kh3
h5 39. Bf1 Rg4 40. Rxd5 Qh4# {White checkmated} 0-1

[Event "ICCopen2017"]
[Site "Internet Chess Club"]
[Date "2017.03.19"]
[Round "7"]
[White "Massada"]
[Black "Trinity8"]
[Result "0-1"]
[ICCResult "White forfeits on time"]
[WhiteElo "1472"]
[BlackElo "1452"]
[Opening "Ruy Lopez: exchange variation, Alapin gambit"]
[ECO "C68"]
[NIC "RL.08"]
[Time "20:25:50"]
[TimeControl "180+0"]

1. e4 e5 2. Nf3 Nc6 3. Bb5 a6 4. Bxc6 dxc6 5. O-O Bg4 6. h3 h5 7. Re1 Qf6 8.
hxg4 hxg4 9. Nxe5 Qxe5 10. Qxg4 Qh2+ 11. Kf1 Nf6 12. Qg3 Qh5 13. Qxc7 Qh1+
14. Ke2 Qxg2 15. Qxb7 Rd8 16. Qxc6+ Nd7 17. d3 Rh6 18. Bxh6 gxh6 19. Nc3
Qg4+ 20. Kd2 Qf4+ 21. Ke2 Bc5 22. Nd1 Qg4+ 23. Kd2 Qf4+ 24. Kc3 Rb8 25. Rg1
Bb4+ {White forfeits on time} 0-1

[Event "ICCopen2017"]
[Site "Internet Chess Club"]
[Date "2017.03.19"]
[Round "7"]
[White "Sc6"]
[Black "Troy"]
[Result "1-0"]
[ICCResult "Black forfeits on time"]
[WhiteElo "1589"]
[BlackElo "1394"]
[Opening "Sicilian: Kan, 5.Nc3"]
[ECO "B43"]
[NIC "SI.41"]
[Time "20:25:13"]
[TimeControl "180+0"]

1. e4 c5 2. Nf3 e6 3. d4 cxd4 4. Nxd4 a6 5. Nc3 b5 6. Bd3 Bb7 7. O-O Nc6 8.
Nxc6 Bxc6 9. Qe2 Bd6 10. Be3 Qh4 11. f4 Ne7 12. Rae1 Bc7 13. Rf3 f5 14. Rh3
Qf6 15. e5 Qf7 16. Qh5 g6 17. Qg5 O-O-O 18. Bc5 Nd5 19. Nxd5 Bxd5 20. b3 Bc6
21. Be7 Rdg8 22. Bf6 h6 23. Rxh6 Rxh6 24. Qxh6 Bd8 25. Bxd8 Kxd8 26. Qg5+
Kc7 27. c4 b4 28. Rd1 Rh8 29. Be2 Qh7 30. Qg3 Qh4 31. Qxh4 Rxh4 32. g3 Rh8
33. Bf1 Be4 34. Bg2 Bxg2 35. Kxg2 Rg8 36. Rd6 a5 37. Ra6 Rd8 38. Rxa5 Kc6
39. Rb5 Ra8 40. Rxb4 Rxa2+ 41. Kh3 Kc5 42. Rb7 d6 43. exd6 Kxd6 44. b4 Rc2
45. c5+ Kc6 46. Rb6+ Kd5 47. Rd6+ Ke4 48. Rxe6+ Kf3 49. Rb6 Rc4 50. c6 g5
51. fxg5 Rg4 52. c7 Rxg5 53. Kh4 Rg4+ 54. Kh5 Rc4 55. Rb7 Kg2 56. h4 Kxg3
57. b5 Rxh4+ 58. Kg5 Rg4+ 59. Kxf5 Rf4+ 60. Ke5 Rh4 61. c8=Q Rh5+ 62. Kd4
Rh4+ 63. Kc3 Rh3 64. Qg8+ Kh2+ 65. Kc2 Rg3 66. Rh7+ Kg2 67. Qd5+
{Black forfeits on time}
1-0

[Event "ICCopen2017"]
[Site "Internet Chess Club"]
[Date "2017.03.19"]
[Round "7"]
[White "javi"]
[Black "FytinFrank"]
[Result "0-1"]
[ICCResult "White resigns"]
[WhiteElo "1662"]
[BlackElo "1864"]
[Opening "QP counter-gambit (elephant gambit)"]
[ECO "C40"]
[NIC "KP.10"]
[Time "20:26:01"]
[TimeControl "180+0"]

1. e4 e5 2. Nf3 d5 3. exd5 e4 4. Nd4 Qxd5 5. Nb5 Na6 6. N1c3 Qe5 7. Bc4 c6
8. Na3 b5 9. Bb3 b4 10. Nc4 Qg5 11. Nxe4 Qxg2 12. Ng3 Bc5 13. Qe2+ Be6 14.
Ne5 Nc7 15. Nd3 Bd6 16. Ne5 Nf6 17. d4 O-O 18. Bg5 Ng4 19. O-O-O Bxe5 20.
dxe5 Bxb3 21. axb3 Qh3 22. Rd4 h5 23. Nxh5 Qxh5 24. Rxg4 Nd5 25. Rhg1 g6 26.
Rh4 Qxe2 27. Bf6 Nxf6 28. exf6 Qxf2 29. Rg3 Qxf6 30. Rgh3 Rfe8 31. Rh8+ Qxh8
32. Rxh8+ Kxh8 {White resigns} 0-1

[Event "ICCopen2017"]
[Site "Internet Chess Club"]
[Date "2017.03.19"]
[Round "7"]
[White "UnderArmour"]
[Black "Svinotigr"]
[Result "1-0"]
[ICCResult "Black forfeits on time"]
[WhiteElo "1905"]
[BlackElo "1682"]
[Opening "King's pawn opening"]
[ECO "B07"]
[NIC "VO.17"]
[Time "20:26:06"]
[TimeControl "180+0"]

1. e4 d6 2. d4 Nd7 3. Nc3 e5 4. Nf3 g6 5. Bc4 Bg7 6. dxe5 dxe5 7. Ng5 Nh6 8.
h3 O-O 9. O-O c6 10. Bb3 Qe7 11. f4 exf4 12. Bxf4 Ne5 13. Qd2 Kh8 14. Rae1
f6 15. Nf3 Nhf7 16. Bxf7 Nxf7 17. a3 Ne5 18. Nxe5 fxe5 19. Bg5 Qc5+ 20. Be3
Qe7 21. Rxf8+ Qxf8 22. Rf1 Qe7 23. Bg5 Qc5+ 24. Kh2 Be6 25. b4 Qd4 26. Qxd4
exd4 27. Ne2 Kg8 28. Rd1 h6 29. Be7 Re8 30. Bc5 Bc4 31. Nxd4 Rxe4 32. Bxa7
Be5+ 33. Kg1 Bd5 34. Nf3 Bf6 35. Bd4 Be7 36. Kf2 g5 37. Re1 Rxe1 38. Nxe1
Kf7 39. Nd3 Bd6 40. Bc5 Ke6 41. Bxd6 Kxd6 42. Ke3 b6 43. g3 Bc4 44. Kd4 Bxd3
45. cxd3 {Black forfeits on time} 1-0

[Event "ICCopen2017"]
[Site "Internet Chess Club"]
[Date "2017.03.19"]
[Round "7"]
[White "mirpele-murpele"]
[Black "rencoroso"]
[Result "1-0"]
[ICCResult "Black resigns"]
[WhiteElo "2610"]
[BlackElo "2105"]
[Opening "Sicilian: dragon, Yugoslav attack, Rauser variation"]
[ECO "B76"]
[NIC "SI.16"]
[Time "20:26:24"]
[TimeControl "180+0"]

1. e4 c5 2. Nf3 d6 3. d4 cxd4 4. Nxd4 Nf6 5. Nc3 g6 6. Be3 Bg7 7. Qd2 O-O 8.
f3 Nc6 9. O-O-O d5 10. exd5 Nxd5 11. Nxc6 bxc6 12. Bd4 Nxc3 13. Qxc3 Bh6+
14. Be3 Bxe3+ 15. Qxe3 Qb6 16. Qxb6 axb6 17. Bc4 b5 18. Bb3 c5 19. Bd5 Ra7
20. Kb1 e6 21. Be4 Ba6 22. Rd6 b4 23. Rhd1 Bb5 24. Rd8 f5 25. Rxf8+ Kxf8 26.
Bd3 Bxd3 27. Rxd3 Ke7 28. a3 e5 29. axb4 cxb4 30. Rd5 Ke6 31. Rb5 Rd7 32.
Kc1 Rd4 33. c3 bxc3 34. bxc3 Rc4 35. Kd2 e4 36. fxe4 Rxe4 37. Kd3 Re5 38.
Rb7 Rd5+ 39. Ke3 Rd7 40. Rxd7 Kxd7 41. Kf4 h6 42. Ke5 Ke7 43. h4 Kf7 44. h5
gxh5 45. Kxf5 Ke7 46. Kg6 h4 47. Kxh6 h3 48. gxh3 Kd6 49. h4 Kc5 50. h5 Kc4
51. Kg7 Kxc3 52. h6 Kd4 53. h7 {Black resigns} 1-0

[Event "ICCopen2017"]
[Site "Internet Chess Club"]
[Date "2017.03.19"]
[Round "7"]
[White "blunder23"]
[Black "Eigeneier"]
[Result "0-1"]
[ICCResult "White checkmated"]
[WhiteElo "1434"]
[BlackElo "1723"]
[Opening "Sicilian defense"]
[ECO "B40"]
[NIC "SI.43"]
[Time "20:25:22"]
[TimeControl "180+0"]

1. e4 c5 2. Nf3 e6 3. Bc4 d5 4. exd5 exd5 5. Bb5+ Bd7 6. Qe2+ Be7 7. Bxd7+
Qxd7 8. Nc3 Nc6 9. O-O Nf6 10. d3 O-O 11. Ng5 h6 12. Nf3 Rfe8 13. Re1 Nd4
14. Nxd4 cxd4 15. Nd1 Bb4 16. Qxe8+ Rxe8 17. Rf1 Ng4 18. c3 Bd6 19. g3 Re2
20. cxd4 Qf5 21. Ne3 Nxe3 22. Bxe3 Qxd3 23. Rad1 Qe4 24. Rde1 Rxe1 25. Rxe1
Qc2 26. Rc1 Qxb2 27. Rc8+ Kh7 28. Rd8 Be7 29. Rxd5 Qxa2 30. Re5 Bf6 31. Re4
g6 32. h4 Qb1+ 33. Kh2 Qxe4 34. h5 Qf3 35. hxg6+ fxg6 36. Kg1 Bg5 37. Bxg5
hxg5 38. Kf1 b5 39. Ke1 b4 40. Kd2 b3 41. Kc1 Qd3 42. Kb2 Qc2+ 43. Ka3 b2
44. Ka2 b1=Q+ 45. Ka3 Qcb3# {White checkmated} 0-1